 Dungeon Crawl Stone Soup version 0.32-a0-126-g9fbf7fb75a (webtiles) character file.

Game seed: 6826074687396077500

6327 Ge0ff the Skirmisher (level 10, 0/65 HPs)
             Began as a Mummy Artificer on Feb 7, 2024.
             Was a Priest of Hepliaklqana.
             Slain by a troll (4 damage)
             ... on level 9 of the Dungeon.
             The game lasted 00:16:41 (7039 turns).

Ge0ff the Skirmisher (Mummy Artificer)              Turns: 7039, Time: 00:16:41

Health: 0/65       AC: 16    Str: 12    XL:     10   Next: 64%
Magic:  12/12      EV:  9    Int: 10    God:    Hepliaklqana [***...]
Gold:   297        SH:  4    Dex: 18    Spells: 9/9 levels left

rFire   . . .        a - +10 whip of Eternal Vigilance {pain, rPois rCorr Str-3}
rCold   . . .        J - +0 buckler
rNeg    + + +        x - quicksilver dragon scales
rPois   ∞            m - +2 helmet
rElec   .            U - +0 cloak
rCorr   +            q - +1 pair of gloves
SInv    .            (no boots)
Will    +++..        (no amulet)
Stlth   ++           p - ring of willpower {=R}
HPRegen 0.30/turn    r - ring of fire
MPRegen 0.13/turn

%: faith
@: no status effects
A: reduced essence, cold resistance 1, negative energy resistance 3, torment
resistance 2, heat vulnerability 1, in touch with death 1, no potions, faith
a: Renounce Religion, Recall Ancestor, Ancestor Identity, Transference


You were on level 9 of the Dungeon.
You worshipped Hepliaklqana.
Hepliaklqana was most pleased with you.
You visited 2 branches of the dungeon, and saw 10 of its levels.

You collected 471 gold pieces.
You spent 174 gold pieces at shops.

Inventory:

Hand Weapons
 a - the +10 whip of Eternal Vigilance (weapon) {pain, rPois rCorr Str-3}
   (You found it on level 2 of the Dungeon)

   Str-3:     It affects your strength (-3).
   rPois:     It protects you from poison rCorr: It protects you from acid and
   corrosion.
 b - a +1 longbow of flaming
 o - a +0 mace
 s - a +2 dagger of flaming
 y - a +2 whip of draining
 z - a +1 flail of holy wrath
 G - a +0 arbalest
 V - a +2 dagger of speed
 X - a +2 whip of flaming
Missiles
 g - a throwing net {=F}
 l - 20 stones
 v - 5 boomerangs (quivered)
 I - 4 poisoned darts
Armour
 m - a +2 helmet (worn)
 q - a +1 pair of gloves (worn)
 x - quicksilver dragon scales (worn)
 J - a +0 buckler (worn)
 U - a +0 cloak (worn)
 W - an orb of light
 Z - a +3 plate armour of cold resistance
Jewellery
 n - a ring of ice
 p - a ring of willpower (left hand) {=R}
 r - a ring of fire (right hand)
 A - a ring of resist corrosion
 Y - a ring of flight
Wands
 d - a wand of digging (6)
 e - a wand of charming (2)
 f - a wand of flame (22)
 j - a wand of acid (2)
 k - a wand of iceblast (7)
Scrolls
 w - 3 scrolls of amnesia
 B - 2 scrolls of blinking
 C - a scroll of poison
 F - a scroll of fog
 H - a scroll of enchant armour
 T - 3 scrolls of teleportation


   Skills:
 + Level 4.5 Fighting
 - Level 3.0 Maces & Flails
 * Level 10.9 Ranged Weapons
 + Level 3.2 Armour
 - Level 0.7 Dodging
 - Level 2.0 Stealth
 - Level 5.0 Necromancy
 + Level 2.8 Invocations
 - Level 3.0 Evocations


You had 9 spell levels left.
You didn't know any spells.
Your spell library contained the following spells:

 Spells                   Type           Power      Damage    Failure   Level
 Haunt                    Necr/Summ      3%         N/A       100%        7
 Borgnjor's Revivificati  Necr           Unusable   N/A       N/A         8
 Death's Door             Necr           Unusable   N/A       N/A         9

Dungeon Overview and Level Annotations

Branches:
Dungeon (9/15) Zot: 26563  Temple (1/1) D:7 Zot: 5998
   Lair: D:8-11         Orc: D:9-12

Altars:
Ashenzari
Dithmenos
Fedhas
Gozag
Hepliaklqana
Kikubaaqudgha
Makhleb
Nemelex Xobeh
Okawaru
Qazlal
Sif Muna
Trog
Uskayaw
Vehumet
Wu Jian
Xom
Yredelemnul

Shops:
D:2 !   D:6 *   D:8 *

Annotations:
D:4 fire trap
D:8 1 runed translucent door, 1 exclusion, Drangen's ghost, novice GnHu


Innate Abilities, Weirdness & Mutations

Your life essence is reduced to manifest your ancestor. (-10% HP)
You are immune to poison.
Your flesh is cold resistant. (rC+)
You are immune to negative energy. (rN+++)
You are immune to unholy pain and torment.
You are vulnerable to heat. (rF-)
You are in touch with the powers of death.
You do not drink.
You have a special connection with the divine. (Faith)


Message History

The troll claws you! You block the hornet's attack.
You hit the hornet but do no damage.
The hornet is heavily wounded.
The hornet closely misses you. The troll bites you but does no damage.
The troll closely misses you. The troll barely misses you.
Setora hits the hornet but does no damage.
You hit the hornet.
The hornet writhes in agony.
The hornet is severely wounded.
The hornet stings you! The troll bites you but does no damage.
The troll claws you but does no damage. The troll barely misses you.
The hornet barely misses you.
You are too injured to fight recklessly!
You hit the troll but do no damage. You block the hornet's attack.
Setora completely misses the hornet.
The troll bites you but does no damage. The troll claws you!
The troll claws you. The hornet closely misses you.
You barely miss the troll. The troll bites you but does no damage.
You block the troll's attack. x2; The hornet misses you.
Setora hits the hornet with a +0 flail.
You swap places.
The hornet barely misses you.
The troll closely misses Setora.
The troll misses Setora.
Setora blocks the troll's attack.
The hornet closely misses you.
Things that are here:
a +0 dagger; an orc corpse Setora closely misses the hornet.
The troll barely misses Setora.
The troll completely misses Setora.
Setora blocks the troll's attack.
You whack the hornet!
You kill the hornet!
Setora hits the troll with a +0 flail!
The troll bites you. The troll claws you but does no damage.
You block the troll's attack.
Things that are here:
a +0 dagger; a hornet corpse; an orc corpse Setora closely misses the troll.
The troll attacks as it pursues you! The troll barely misses you.
The troll claws you but does no damage. x2
You whack the troll!
The troll writhes in agony.
The troll is heavily wounded.
The troll bites you but does no damage. The troll claws you but does no damage.
The troll claws you!
* * * LOW HITPOINT WARNING * * *
Setora completely misses the troll.
Aiming: Corrosive Bolt
Press: ? - help, Shift-Dir - straight line, f - troll
Aim: a troll (heavily wounded, ally target, 74% to hit)
The bolt of acid misses the troll.
The troll bites you.
* * * LOW HITPOINT WARNING * * *
The troll claws you!
* * * LOW HITPOINT WARNING * * *
The troll claws you.
You die...
Hepliaklqana delivers you to your ancestors.

##. .....
#######.....
##$..........
##............
##....#........
#..............
#.)).......
#@TR...#..
######..)#..#
##...##...#.##
#............#.. ##
##..#...........
#..##...##......!...
#...................
##..................
#.###..............


You could see the friendly Setora the knight and a troll (ally target).

Vanquished Creatures
  A two-headed ogre (D:9)
  Maurice (D:7)
  Joseph (D:9)
  A hornet (D:9)
  A vampire (D:8)
  2 vampire mosquitoes (D:8)
  A water moccasin (D:6)
  3 orc warriors
  2 ogres
  2 phantoms
  3 bullfrogs
  A gnoll sergeant (D:5)
  A scorpion (D:4)
  A wight (D:7)
  3 killer bees (D:7)
  A howler monkey (D:9)
  2 centaur zombies (D:7)
  3 bombardier beetles
  A human zombie (D:7)
  4 orc priests
  A jelly (D:7)
  A sleepcap (D:7)
  A scorpion zombie (D:7)
  4 iguanas
  8 orc wizards
  2 mummies (D:7)
  11 gnolls
  6 adders
  An adder zombie (D:7)
  3 ribbon worms (D:2)
  15 orcs
  6 bats
  8 endoplasms
  3 giant cockroaches (D:2)
  6 goblins
  10 hobgoblins
  3 jackals (D:2)
  10 kobolds
  5 ball pythons
  3 frilled lizards (D:1)
  10 rats
152 creatures vanquished.

Vanquished Creatures (collateral kills)
  Pikel (D:8)
  2 vampire mosquitoes (D:8)
  2 elephant zombies (D:7)
  2 water moccasins
  An ogre (D:6)
  A kobold brigand (D:7)
  A wyvern zombie (D:7)
  2 necrophages (D:7)
  A water moccasin zombie (D:7)
  2 killer bees (D:7)
  4 orc priests
  A bombardier beetle (D:7)
  3 human zombies (D:7)
  A sleepcap (D:6)
  4 scorpion zombies (D:7)
  10 orc wizards
  A killer bee zombie (D:7)
  2 hound zombies (D:7)
  2 mummies (D:7)
  A howler monkey zombie (D:7)
  4 gnolls
  An adder (D:6)
  A shadow imp (D:8)
  A white imp (D:6)
  2 dart slugs
  12 orcs
  A goblin (D:6)
  A hobgoblin (D:4)
67 creatures vanquished.

Vanquished Creatures (others)
  An orc priest (D:6)
  A gnoll bouda (D:6)
  3 gnolls
5 creatures vanquished.

Grand Total: 224 creatures vanquished

Notes
Turn   | Place    | Note
-------+----------+-------------------------------------------
     0 | D:1      | Ge0ff the Mummy Artificer began the quest for the Orb.
     0 | D:1      | Reached XP level 1. HP: 15/15 MP: 1/1
   120 | D:1      | Reached skill level 1 in Stealth
   186 | D:1      | Reached XP level 2. HP: 17/21 MP: 2/2
   653 | D:1      | Reached XP level 3. HP: 26/27 MP: 3/3
  1035 | D:2      | Reached XP level 4. HP: 28/34 MP: 4/4
  1147 | D:2      | Identified the +10 whip of Eternal Vigilance {pain, rPois
                  | rCorr Str-3}
  1170 | D:2      | Found Terueso's Distillery.
  1427 | D:3      | Found a hazy altar of Hepliaklqana.
  1432 | D:3      | Became a worshipper of Hepliaklqana the Forgotten
  1858 | D:4      | Noticed a scorpion
  1865 | D:4      | Killed a scorpion
  1866 | D:4      | Reached skill level 1 in Maces & Flails
  1866 | D:4      | Reached skill level 1 in Ranged Weapons
  1866 | D:4      | Reached skill level 1 in Necromancy
  1866 | D:4      | Reached XP level 5. HP: 41/41 MP: 5/5
  1918 | D:4      | Reached XP level 6. HP: 46/47 MP: 6/6
  1980 | D:4      | Reached * piety under Hepliaklqana
  1998 | D:4      | Reached skill level 2 in Ranged Weapons
  2423 | D:5      | Entered Level 5 of the Dungeon
  2696 | D:5      | Found a broken altar of Ashenzari.
  2706 | D:5      | Reached XP level 7. HP: 33/46 MP: 7/7
  2918 | D:5      | Reached ** piety under Hepliaklqana
  2919 | D:5      | Remembered your ancestor Setora as a knight
  2963 | D:5      | Found an ancient bone altar of Kikubaaqudgha.
  3171 | D:6      | Found an opulent altar of Gozag.
  3208 | D:6      | Reached skill level 3 in Ranged Weapons
  3235 | D:6      | Reached skill level 4 in Ranged Weapons
  3235 | D:6      | Reached XP level 8. HP: 24/52 MP: 8/8
  3255 | D:6      | Reached skill level 5 in Necromancy
  3369 | D:6      | Reached skill level 5 in Ranged Weapons
  3423 | D:6      | Found Gozag's Platinum Reserve.
  3845 | D:6      | Found a radiant altar of Vehumet.
  3941 | D:7      | Found a blossoming altar of Fedhas.
  3943 | D:7      | Found a stormy altar of Qazlal.
  4044 | D:7      | Reached skill level 6 in Ranged Weapons
  4118 | D:7      | Reached *** piety under Hepliaklqana
  4119 | D:7      | Found a staircase to the Ecumenical Temple.
  4122 | D:7      | Noticed Maurice
  4137 | D:7      | Killed Maurice
  4138 | D:7      | Reached skill level 7 in Ranged Weapons
  4138 | D:7      | Reached XP level 9. HP: 41/56 MP: 9/9
  4154 | Temple   | Entered the Ecumenical Temple
  4348 | D:7      | Identified the +6 scale mail of the Will of the Gods {rF-
                  | Int+4}
  4527 | D:7      | Reached skill level 8 in Ranged Weapons
  4828 | D:7      | Reached skill level 9 in Ranged Weapons
  4849 | D:7      | Found a basalt altar of Yredelemnul.
  5027 | D:7      | Found a basalt altar of Yredelemnul.
  5564 | D:8      | Reached skill level 10 in Ranged Weapons
  5582 | D:8      | Reached XP level 10. HP: 40/63 MP: 10/10
  5743 | D:8      | Found Gatuoh's Island Escapes.
  5829 | D:8      | Bought a scroll of blinking for 90 gold pieces
  5829 | D:8      | Bought a scroll of fog for 48 gold pieces
  5829 | D:8      | Bought a scroll of teleportation for 36 gold pieces
  5899 | D:8      | Found a shadowy altar of Dithmenos.
  5963 | D:8      | Noticed Pikel
  5972 | D:8      | Killed Pikel
  5973 | D:8      | Reached skill level 1 in Invocations
  6003 | D:8      | Found a runed translucent door.
  6005 | D:8      | Noticed Drangen's ghost (novice GnHu)
  6431 | D:8      | Found an ornate altar of the Wu Jian Council.
  6628 | D:9      | Noticed a two-headed ogre
  6643 | D:9      | Killed a two-headed ogre
  6850 | D:9      | Noticed Joseph
  6863 | D:9      | Killed Joseph
  7039 | D:9      | Slain by a troll

Illustrated notes

Levels and vault maps discovered:
D:1:      heliophobic_arrival_battle_scene, layout_basic, grunt_decor_junction,
          minmay_split_cup_small
D:2:      layout_rooms, serial_shops, nicolae_shop_hallway_plus,
          minmay_misc_feat_iff
D:3:      layout_rooms, mainiacjoe_overflow_24_doors, due_unseen_surprise
D:4:      layout_cave_pools, lemuel_flame_loot_1
D:5:      layout_basic, lemuel_doored_altar, lemuel_round_altar
D:6:      layout_rooms, vehumet_altar_wand_db, nicolae_gozag_zags_fifth_avenue
D:7:      layout_loops_ring, grunt_temple_overflow_forces_of_nature,
          lemuel_mausoleum_altar_yredelemnul, minmay_temple_entry_sparse_star,
          serial_rivers, chequers_serial_rivers_micro_b,
          chequers_serial_rivers_micro_a, chequers_serial_rivers_small_a,
          chequers_serial_rivers_room_b, columned_hall_lemuel, minivault_24,
          roadster_capsule_ark_zombie, uniq_maurice
D:8:      layout_loops_ring, tso_oasis_becter, nicolae_wu_jian_wuxing_cycle,
          mainiacjoe_overflow_six_doors_small, ebering_ghost_reflecting_pool,
          nicolae_island_escapes, uniq_pikel
D:9:      layout_cave_pools, cheibriados_altar_1, minmay_misc_feat_rows,
          uniq_harold, uniq_joseph
Temple:   hellmonk_temple_rainy

Skill      XL: |  1  2  3  4  5  6  7  8  9 10 |
---------------+-------------------------------+-----
Stealth        | 1 2 |  2.0
Fighting       | 2 3 4 |  4.5
Evocations     | 3 |  3.0
Maces & Flails | 1 2 3 |  3.0
Ranged Weapons | 1 2 4 7 10 | 10.9
Necromancy     | 1 2 3 4 5 |  5.0
Armour         | 3 |  3.2
Invocations    | 2 |  2.8
Dodging        | |  0.7

Action                     |  1- 3 |  4- 6 |  7- 9 | 10-12 || total
---------------------------+-------+-------+-------+-------++-------
  Melee: Mace              |    50 |       |       |       ||    50
         Club              |     3 |       |       |       ||     3
         Dagger            |    68 |    22 |       |       ||    90
         Punch             |     2 |     1 |     3 |       ||     6
         Whip              |       |    68 |   157 |    69 ||   294
  Throw: Stone             |       |     1 |    87 |       ||    88
         Boomerang         |       |       |    11 |    31 ||    42
         Dart              |       |       |       |     3 ||     3
 Invoke: Ancestor Identity |       |     1 |     1 |       ||     2
         Recall Ancestor   |       |       |     2 |     2 ||     4
         Ancestor Life: Kn |       |       |     1 |       ||     1
  Evoke: Wand              |     8 |    16 |    23 |     7 ||    54
    Use: Scroll            |       |       |    10 |     2 ||    12
   Stab: Sleeping          |     5 |     3 |       |       ||     8
         Distracted        |       |       |     1 |       ||     1
 Armour: Leather armour    |    66 |    13 |       |       ||    79
         Quicksilver drago |       |    42 |   143 |    69 ||   254
  Dodge: Dodged            |    88 |    50 |    91 |    32 ||   261
  Block: Buckler           |       |       |    21 |    20 ||    41

Table legend: (Time is in decaauts)
 A = Elapsed time spent in this place.
 B = Non-inter-level travel time spent in this place.
 C = Inter-level travel time spent in this place.
 D = Time resting spent in this place.
 E = Time spent auto-exploring this place.
 F = Levels seen in this place.
 G = Mean time per level.
                   A        B        C        D        E       F      G
               +--------+--------+--------+--------+--------+-----+--------+
         Total |   7088 |   6708 |    380 |     16 |   4932 |  10 |  708.8 |
       Dungeon |   7087 |   6707 |    380 |     16 |   4932 |   9 |  787.4 |
        Temple |      1 |      1 |      0 |      0 |      0 |   1 |    1.0 |
               +--------+--------+--------+--------+--------+-----+--------+

Top non-repeatable levels by time:
     D:7: 1579 daAuts
     D:8: 1353 daAuts
     D:1: 812 daAuts
     D:5: 733 daAuts
     D:6: 711 daAuts
     D:4: 592 daAuts
     D:2: 562 daAuts
     D:3: 544 daAuts
     D:9: 196 daAuts
  Temple: 1 daAuts
